 Dungeon Crawl Stone Soup version 0.18-b1-10-g3f7de93 (webtiles) character file.

241 RudyRod the Firebug (level 5, -2/36 HPs)
             Began as a Demonspawn Fire Elementalist on Apr 29, 2016.
             Killed from afar by an orc wizard (3 damage)
             ... with a puff of frost
             ... on level 3 of the Dungeon.
             The game lasted 00:32:30 (3733 turns).

RudyRod the Firebug (Demonspawn Fire Elementalist)  Turns: 3733, Time: 00:32:30

Health: -2/36      AC:  4    Str:  8    XL:     5   Next: 80%
Magic:  2/10       EV: 13    Int: 17    God:
Gold:   125        SH:  0    Dex: 14    Spells: 2 memorised, 8 levels left

rFire  . . .     SeeInvis .     f - +2 dagger (drain)
rCold  . . .     Gourm    .     a - +1 robe
rNeg   . . .     Faith    .     (no shield)
rPois  .         Spirit   .     (helmet restricted)
rElec  .         Dismiss  .     (no cloak)
rCorr  .         Reflect  .     (no gloves)
SustAt +         Harm     .     (no boots)
MR     .....                    (no amulet)
Stlth  ++++......               h - ring of sustain attributes (curse)
                                d - ring of stealth

@: not resistant to hostile enchantments, stealthy
A: antennae 1, rugged brown scales 1, nightstalker 1
a: no special abilities


You were on level 3 of the Dungeon.
You were not hungry.

You visited 1 branch of the dungeon, and saw 3 of its levels.

You collected 125 gold pieces.

Inventory:

Hand Weapons
 e - a +0 dagger
 f - a +2 dagger of draining (weapon)
Missiles
 u - a throwing net (quivered)
Armour
 a - a +1 robe (worn)
 g - a +2 ring mail of poison resistance
Jewellery
 d - a ring of stealth (left hand)
 h - a cursed ring of sustain attributes (right hand)
Scrolls
 i - 3 scrolls of identify
 m - a scroll of fog {unknown}
 n - a scroll of immolation {unknown}
 o - 2 scrolls of enchant armour
 p - a scroll of random uselessness {unknown}
 q - a scroll of remove curse {unknown}
 r - a scroll of amnesia {unknown}
 s - a scroll of recharging {unknown}
Potions
 j - 2 potions of curing {unknown}
 k - a potion of degeneration {unknown}
 l - a potion of cure mutation {unknown}
 t - a potion of heal wounds {unknown}
Books
 b - a book of Flames

   Spells                             Type                      Level
   a - Flame Tongue                   Conjuration/Fire             1
   b - Throw Flame                    Conjuration/Fire             2
   c - Conjure Flame                  Conjuration/Fire             3
   d - Inner Flame                    Hexes/Fire                   3
   e - Sticky Flame                   Conjuration/Fire             4
   f - Fireball                       Conjuration/Fire             5
Comestibles
 c - a bread ration


   Skills:
 + Level 2.4 Dodging
 + Level 2.3 Stealth
 + Level 3.5 Spellcasting
 + Level 2.4 Conjurations
 + Level 4.1 Fire Magic


You had 8 spell levels left.
You knew the following spells:

 Your Spells              Type           Power        Failure   Level  Hunger
a - Flame Tongue          Conj/Fire      ##...        4%          1    None
b - Throw Flame           Conj/Fire      ##....       10%         2    ##.....


Dungeon Overview and Level Annotations

Branches:
Dungeon (3/15)

Altars:
Elyvilon
Xom
Yredelemnul

Annotations:
D:3 Robin


Innate Abilities, Weirdness & Mutations

You have a pair of small antennae on your head.
You are partially covered in rugged brown scales (AC +1, +3% HP).
You are slightly more attuned to the shadows.


Message History

The orc wizard gestures at you while chanting.
The magic dart hits you!
The orc wizard gestures at you while chanting.
The puff of flame misses you.
You see here a tomahawk.
You hit the withered plant but do no damage.
The orc wizard mumbles some strange words.
The orc wizard seems to speed up.
You hit the withered plant but do no damage.
Your magical contamination has completely faded away.
The orc wizard barely misses you.
The orc wizard points at you and mumbles some strange words.
The magic dart hits you!
* * * LOW HITPOINT WARNING * * *
The orc wizard gestures at you while chanting.
The magic dart hits you!
* * * LOW HITPOINT WARNING * * *
The orc wizard casts a spell at you. The puff of frost hits you!
You die...

.###.).....#.....#...#...#...#...
.# #...#.........................
.# #...#.........#...#...#...#...
.###[..(.P(P.....................
..()รท..#.._......################
.###...#.P.P......# +#
.......(.....##.####.## .
....)[..........##....##..
..............o.@'.......
+####..#'######.##....##. #......
#.##.<..# #......# #.##....#
#........ ...........
#..######........##### #...
........# ........' .......##


You could see an orc wizard.

Vanquished Creatures
  The ghost of RudyRod the Firebug, an amateur DsFE (D:3)
  5 gnolls
  2 adders (D:2)
  2 worms (D:2)
  5 dart slugs
  4 giant geckos
  7 orcs (D:3)
  11 goblins
  5 hobgoblins
  3 jackals (D:1)
  13 kobolds
  2 quokkas (D:2)
  A ball python (D:1)
  4 bats
  2 giant newts
  6 rats
73 creatures vanquished.

Notes
Turn   | Place    | Note
--------------------------------------------------------------
     0 | D:1      | RudyRod the Demonspawn Fire Elementalist began the quest for the Orb.
     0 | D:1      | Reached XP level 1. HP: 13/13 MP: 3/3
    57 | D:1      | Reached skill level 3 in Fire Magic
   254 | D:1      | Gained mutation: You have a pair of small antennae on your head. [demonic ancestry]
   254 | D:1      | Reached XP level 2. HP: 19/19 MP: 3/5
  1096 | D:1      | Gained mutation: You are partially covered in rugged brown scales (AC +1, +3% HP). [demonic ancestry]
  1096 | D:1      | Reached XP level 3. HP: 19/24 MP: 1/6
  1722 | D:2      | Gained mutation: You are slightly more attuned to the shadows. [demonic ancestry]
  1722 | D:2      | Reached XP level 4. HP: 28/30 MP: 2/7
  1822 | D:2      | Learned a level 2 spell: Throw Flame
  2680 | D:2      | Found a white marble altar of Elyvilon.
  2797 | D:3      | Found a basalt altar of Yredelemnul.
  2942 | D:3      | Reached XP level 5. HP: 30/36 MP: 1/9
  2944 | D:3      | Noticed RudyRod's ghost (amateur DsFE)
  3078 | D:3      | Found a shimmering altar of Xom.
  3139 | D:3      | Noticed Robin
  3590 | D:3      | Reached skill level 4 in Fire Magic
  3718 | D:3      | Killed RudyRod's ghost
  3732 | D:3      | HP: 1/36 [orc wizard/magic dart (5)]
  3733 | D:3      | Killed from afar by an orc wizard

Skill      XL: |  1  2  3  4  5 |
---------------+----------------+-----
Fire Magic     | 3 4 |  4.1
Dodging        | 2 |  2.4
Stealth        | 2 |  2.3
Spellcasting   | 3 |  3.5
Conjurations   | 2 |  2.4

Action                   |  1- 3 |  4- 6 || total
-------------------------+-------+-------++-------
Melee: Dagger            |    15 |    33 ||    48
 Cast: Flame Tongue      |    49 |    18 ||    67
       Throw Flame       |       |    59 ||    59
  Use: Scroll            |       |     2 ||     2
  Eat: Chunk             |     2 |     5 ||     7
       Bread ration      |     1 |     1 ||     2
Armor: Robe              |     4 |     5 ||     9
Dodge: Dodged            |    22 |    36 ||    58
